 Dungeon Crawl Stone Soup version 0.25-a0-448-g1f46b9f (webtiles) character file.

Game seed: 2863934417432691873, levelgen mode: deterministic

13017 Charmandara the Spear-Bearer (level 11, -16/100 HPs)
             Began as a Pale Draconian Fighter on Feb 1, 2020.
             Was an Elder of Nemelex Xobeh.
             Killed from afar by Jorgrun (20 damage)
             ... with an iron shot
             ... while petrified by Jorgrun
             ... on level 2 of the Orcish Mines.
             The game lasted 00:30:59 (12893 turns).

Charmandara the Spear-Bearer (DrFi)                Turns: 12893, Time: 00:31:00

Health: -16/100    AC: 10    Str: 24    XL:     11   Next: 70%
Magic:  17/17      EV:  2    Int: 18    God:    Nemelex Xobeh [****..]
Gold:   143        SH:  0    Dex: 11    Spells: 10/10 levels left

rFire    . . .     SeeInvis +   a - +2 trident
rCold    + . .     Gourm    .   b - +0 shield
rNeg     + + +     Faith    +   (armour unavailable)
rPois    ∞         Spirit   .   K - +1 hat
rElec    .         Reflect  .   u - +1 cloak
rCorr    .         Harm     .   (no gloves)
MR       .....                  (no boots)
Stlth    +.........             L - amulet of faith {Faith, !P}
HPRegen  0.26/turn              P - ring "Eban Gubbo" {Int+7 SInv}
MPRegen  0.15/turn              O - ring of protection from cold {rC+, !d}

@: mighty, petrified
A: breathe steam, unfitting armour, cold-blooded, AC +7
a: Breathe Steam, Draw Escape, Draw Destruction, Draw Summoning, Triple Draw,
Deal Four, Renounce Religion


You were on level 2 of the Orcish Mines.
You worshipped Nemelex Xobeh.
Nemelex Xobeh was greatly pleased with you.
You were not hungry.

You visited 3 branches of the dungeon, and saw 14 of its levels.

You collected 1415 gold pieces.
You spent 1272 gold pieces at shops.

Inventory:

Hand Weapons
 a - a +2 trident (weapon)
 B - a +0 hand crossbow
   (You took it off a kobold on level 6 of the Dungeon)
Missiles
 h - 129 poisoned darts
 v - 4 javelins (quivered)
 C - 54 bolts
 J - 5 throwing nets {=f, !d}
Armour
 b - a +0 shield (worn)
 u - a +1 cloak (worn)
   (You took it off Crazy Yiuf on level 6 of the Dungeon)
 E - a +0 large shield
   (You found it on level 6 of the Dungeon)
 K - a +1 hat (worn)
   (You bought it in a shop on level 5 of the Dungeon)
Magical Staves
 q - an uncursed staff of power {MP+17, !a}
   (You found it on level 4 of the Dungeon)
 s - an uncursed staff of wizardry {wiz+, !a}
   (You found it on level 4 of the Dungeon)
Jewellery
 y - a +3 ring of protection
   (You found it on level 5 of the Dungeon)
 F - an uncursed ring of wizardry {Wiz+, !d}
   (You found it on level 6 of the Dungeon)
 L - an amulet of faith (around neck) {Faith, !P}
   (You bought it in a shop on level 7 of the Dungeon)
 M - an uncursed ring of ice {rC+, rF-}
   (You took it off Fannar on level 10 of the Dungeon)
 O - a ring of protection from cold (right hand) {rC+, !d}
   (You found it on level 10 of the Dungeon)
 P - the ring "Eban Gubbo" (left hand) {Int+7 SInv}
   (You bought it in a shop on level 7 of the Dungeon)

   [ring of see invisible]

   It affects your intelligence (+7).
   It lets you see invisible.
Wands
 f - a wand of paralysis (13)
   (You found it on level 4 of the Dungeon)
 p - a wand of enslavement (12)
   (You found it on level 4 of the Dungeon)
 G - a wand of flame (26)
   (You found it on level 6 of the Dungeon)
Scrolls
 g - a scroll of torment {!r}
 k - 2 scrolls of enchant armour
 l - 4 scrolls of remove curse
 m - 4 scrolls of blinking {!r}
 r - 2 scrolls of magic mapping {!r}
 t - 3 scrolls of teleportation
 w - 2 scrolls of fear
 N - a scroll of identify
Potions
 c - a potion of might
 e - 2 potions of flight
 j - 4 potions of haste
 o - 4 potions of magic
 z - 2 potions of lignification {!q}
 D - a potion of resistance
 H - 2 potions of brilliance
 I - 2 potions of curing
Miscellaneous
 x - a lamp of fire (inert)
   (You found it on level 1 of the Orcish Mines)
Comestibles
 d - 15 rations


   Skills:
 - Level 10.2 Fighting
 + Level 11.0 Polearms
 * Level 3.8 Dodging
 + Level 9.9 Shields
 + Level 9.0 Invocations


You had 10 spell levels left.
You didn't know any spells.
Your spell library contained the following spells:

 Spells                   Type           Power        Failure   Level  Hunger
 Beastly Appendage        Tmut           #.....       38%         1    ##.....
 Sandblast                Erth           #.....       38%         1    ##.....
 Passwall                 Tmut/Erth      #.......     54%         2    ###....
 Sticks to Snakes         Tmut           #.......     54%         2    ###....
 Spider Form              Tmut/Pois      #.........   77%         3    ####...
 Stone Arrow              Conj/Erth      #.....       77%         3    ####...
 Ice Form                 Ice/Tmut       #.......     99%         4    #####..
 Petrify                  Tmut/Erth      #.......     99%         4    #####..
 Blade Hands              Tmut           #.........   100%        5    ######.
 Lee's Rapid Deconstruct  Erth           #.........   100%        5    ######.


Dungeon Overview and Level Annotations

Branches:
Dungeon (11/15)            Temple (0/1) D:4            Lair (1/6) D:10
    Orc (2/2) D:9
    Elf: Orc:2

Altars:
Gozag
Makhleb
Nemelex Xobeh
Okawaru
Qazlal
Ru
Trog
Uskayaw
Vehumet
Xom

Shops:
D:4 ?   D:5 *   D:7 =*

Annotations:
D:10 Nergalle
Orc:2 Jorgrun


Innate Abilities, Weirdness & Mutations

You can breathe blasts of scalding, opaque steam.
Your pale cyan-grey scales are hard. (AC +7)
You cannot fit into any form of body armour.
You are cold-blooded and may be slowed by cold attacks.


Message History

Where to? (Enter - D:8, ? - help)
Things that are here:
a +0 robe; a +0 dagger
There is an open door here.
There is a stone staircase leading down here.
You climb downwards.
There is a stone staircase leading up here.
Unknown command.
(D) Dungeon (T) Temple (L) Lair (O) Orcish Mines
Where to? (Enter - D:9, ? - help)
What level of the Orcish Mines? (default 1, ? - help) All of the chunks of flesh in your inventory have rotted away.
There is a staircase to the Orcish Mines here.
You climb downwards.
Welcome back to the Orcish Mines!
There is a staircase back to the Dungeon here.
There is a stone staircase leading down here.
You climb downwards.
Level annotation: Jorgrun
There is a stone staircase leading up here.
Unknown command.
Jorgrun is too close now for your liking.
Okay, then.
Okay, then.
You don't have any such object.
Okay, then.
Attack whom?
Okay, then.
Aim the lamp in which direction?
Aim: Jorgrun, wielding a staff of earth and wearing a +2 robe of resistance
Okay, then.
Okay, then.
You draw a card...
You have drawn the Pentagram.
Okay, then.
You feel very mighty all of a sudden. Jorgrun casts a spell at you.
The iron shot hits you!!
You take 34 damage, and have 66/100 hp.
MASSIVE DAMAGE!!
Unknown command.
Your hell hound closely misses Jorgrun.
Jorgrun points at you and mumbles some strange words.
The wall shatters!
The blast of rock fragments hits you!!
You take 20 damage, and have 46/100 hp.
You feel much better.
Your hell hound bites Jorgrun.
Your hell hound breathes flames at Jorgrun.
The blast of flame hits Jorgrun.
Jorgrun resists.
Jorgrun points at you and mumbles some strange words.
You are slowing down.
You regained 25 hp, and now have 71/100 hp.
Unknown command.
Okay, then.
Okay, then.
You draw a card...
You have drawn the Tomb.
Walls emerge from the floor!
Some rock shatters into small pieces.
Your limbs are stiffening.
Unknown command.
The walls disappear prematurely!
Jorgrun gestures at you while chanting. The iron shot hits you!!!
Jorgrun gestures at you while chanting.
The wall shatters!
The blast of rock fragments hits you!!
* * * LOW HITPOINT WARNING * * *
You have turned to stone.
Your hell hound bites Jorgrun.
Your orange demon misses Jorgrun.
Your hell hound bites Jorgrun.
Your orange demon misses Jorgrun.
Your orange demon hits Jorgrun.
Your hell hound bites Jorgrun.
Your hell hound completely misses Jorgrun.
Your orange demon stings Jorgrun.
Your orange demon completely misses Jorgrun.
Jorgrun casts a spell at you.
The wall shatters!
The blast of rock fragments hits you!!
* * * LOW HITPOINT WARNING * * *
Your orange demon stings Jorgrun!
Your orange demon barely misses Jorgrun.
Your hell hound completely misses Jorgrun.
Jorgrun hits you but does no damage.
Your hell hound closely misses Jorgrun.
Your orange demon stings Jorgrun.
Your orange demon hits Jorgrun but does no damage.
Your hell hound bites Jorgrun.
Jorgrun hits you with an uncursed staff of earth!
* * * LOW HITPOINT WARNING * * *
Jorgrun crushes you!
* * * LOW HITPOINT WARNING * * *
Your orange demon stings Jorgrun but does no damage.
Your orange demon hits Jorgrun but does no damage.
Your hell hound barely misses Jorgrun.
Your hell hound closely misses Jorgrun.
Your orange demon closely misses Jorgrun.
Your orange demon barely misses Jorgrun.
Jorgrun hits you with an uncursed staff of earth!
* * * LOW HITPOINT WARNING * * *
Jorgrun crushes you.
Your hell hound bites Jorgrun.
Your orange demon barely misses Jorgrun.
Your orange demon hits Jorgrun.
Jorgrun looks weaker.
Your hell hound barely misses Jorgrun.
Jorgrun points at you and mumbles some strange words.
The iron shot hits you!!!
You die...
Your body glows with a rainbow of weird colours and disappears.

#...## ....... #..####
......## . #<....#
#.......###..
##...###............#
#.........##........# ##.
##.........#......... ....
##....######.h.$...##$. .
#......#####g4..........
###........##@........#.##
#......##................#.
##...#.###......###<.......
##....#####......#
#....##..
#......##........#
#§§.#....
####..............#.o..#
#.# ##.................## #
#.......#.##.......#
###.....### ......##


You could see Jorgrun, a friendly orange demon and a friendly hell hound.

Vanquished Creatures
  Harold (D:7)
  The ghost of Clumpoid the Thaumaturge, a journeyman GnWr of Okawaru (Orc:1)
  Fannar (D:10)
  A death yak (D:10)
  An unseen horror (Orc:1)
  An orc knight (Orc:1)
  3 orc sorcerers
  3 centaur zombies (D:10)
  A cyclops (D:10)
  An elephant (D:10)
  A centaur skeleton (D:10)
  Maggie (D:6)
  A blink frog (D:9)
  A yak (D:9)
  A basilisk (D:10)
  A steam dragon (D:9)
  2 wargs
  A porcupine (Orc:1)
  A water moccasin (D:7)
  A swamp drake (Orc:1)
  6 orc warriors
  A sky beast (D:7)
  8 ogres
  An ice beast (D:5)
  A phantom (D:9)
  2 necrophages
  4 centaurs
  A crocodile (D:7)
  A big kobold (D:6)
  Blork the orc (D:5)
  8 bullfrogs
  A wyvern zombie (D:9)
  2 scorpions (D:5)
  6 killer bees (D:8)
  3 wights (D:9)
  2 howler monkeys
  8 electric eels (D:7)
  5 crimson imps
  3 bullfrog zombies
  A quasit (D:7)
  A bullfrog skeleton (D:5)
  3 hounds
  5 orc priests
  Crazy Yiuf (D:6)
  2 jellies
  18 orc wizards
  2 iguanas
  3 worker ants
  2 hound skeletons
  4 worker ant zombies
  15 adders
  A shadow imp (D:9)
  A white imp (D:6)
  A worker ant simulacrum (D:10)
  2 oozes
  2 adder skeletons (D:9)
  2 worms
  2 dart slugs (D:1)
  6 leopard geckos
  46 orcs
  3 ball pythons
  9 bats
  6 giant cockroaches
  6 goblins
  3 hobgoblins
  2 jackals (D:3)
  10 kobolds
  2 quokkas
  A ball python skeleton (D:4)
  2 frilled lizards
  A leopard gecko zombie (D:7)
  11 rats
265 creatures vanquished.

Vanquished Creatures (collateral kills)
  A basilisk (D:10)
1 creature vanquished.

Vanquished Creatures (others)
  A wyvern (D:9)
  A yak (D:9)
  A steam dragon (D:9)
  An orc warrior (D:8)
  A wolf (D:9)
  A centaur skeleton (D:10)
  2 ball lightnings (D:9)
  2 orcs
10 creatures vanquished.

Grand Total: 276 creatures vanquished

Notes
Turn   | Place    | Note
-------+----------+-------------------------------------------
     0 | D:1      | Charmandara the Draconian Fighter began the quest for the
                  | Orb.
     0 | D:1      | Reached XP level 1. HP: 19/19 MP: 1/1
    91 | D:1      | Reached XP level 2. HP: 26/26 MP: 2/2
   164 | D:1      | Reached skill level 3 in Polearms
   507 | D:1      | Reached XP level 3. HP: 31/31 MP: 3/3
   995 | D:2      | Reached skill level 4 in Polearms
  1024 | D:2      | Found a sparkling altar of Nemelex Xobeh.
  1028 | D:2      | Became a worshipper of Nemelex Xobeh the Trickster
  1075 | D:2      | Received a gift from Nemelex Xobeh
  1260 | D:3      | Reached XP level 4. HP: 38/38 MP: 4/4
  1365 | D:3      | Reached skill level 1 in Invocations
  1389 | D:3      | Reached XP level 5. HP: 43/45 MP: 4/6
  1467 | D:3      | You fall into a shaft and drop 2 floors!
  1467 | D:5      | Entered Level 5 of the Dungeon
  1490 | D:5      | Reached skill level 5 in Polearms
  1490 | D:5      | Reached skill level 2 in Invocations
  1513 | D:4      | Found Vazyobboy's Magic Scroll Shop.
  1623 | D:4      | HP: 9/45 [hound (4)]
  1625 | D:4      | HP: 4/45 [hound (4)]
  1945 | D:4      | Reached XP level 6. HP: 45/51 MP: 6/8
  1966 | D:4      | Reached skill level 6 in Polearms
  1966 | D:4      | Reached skill level 3 in Invocations
  2013 | D:4      | Reached * piety under Nemelex Xobeh
  2013 | D:4      | Received a gift from Nemelex Xobeh
  2025 | D:4      | Found an opulent altar of Gozag.
  2049 | D:4      | Found a staircase to the Ecumenical Temple.
  2071 | D:4      | Found a sparkling altar of Nemelex Xobeh.
  2139 | D:4      | Bought a scroll of blinking for 90 gold pieces
  2139 | D:4      | Bought a scroll of teleportation for 36 gold pieces
  2139 | D:4      | Bought a scroll of magic mapping for 42 gold pieces
  2773 | D:5      | Found a shimmering altar of Xom.
  2962 | D:5      | Received a gift from Nemelex Xobeh
  3025 | D:5      | Found a hide-covered altar of Uskayaw.
  3025 | D:5      | Found an iron altar of Okawaru.
  3113 | D:5      | Reached skill level 7 in Polearms
  3113 | D:5      | Your scales start taking on a pale cyan-grey colour.
  3113 | D:5      | Reached XP level 7. HP: 55/57 MP: 9/9
  3284 | D:5      | Found Gice's Assorted Antiques.
  3292 | D:5      | Bought a scroll labeled KAOT TAIKUWKA for 23 gold pieces
  3356 | D:5      | Reached skill level 8 in Polearms
  3408 | D:5      | Reached ** piety under Nemelex Xobeh
  3569 | D:5      | Noticed Blork the orc
  3574 | D:5      | Killed Blork the orc
  3853 | D:6      | Found a runed translucent door.
  3854 | D:6      | Noticed Crazy Yiuf
  3860 | D:6      | Killed Crazy Yiuf
  3860 | D:6      | Reached XP level 8. HP: 59/66 MP: 10/10
  3938 | D:6      | Reached skill level 4 in Shields
  4036 | D:6      | Reached skill level 4 in Fighting
  4091 | D:6      | Reached skill level 4 in Invocations
  4124 | D:6      | Noticed Maggie
  4145 | D:6      | Killed Maggie
  4145 | D:6      | Reached skill level 5 in Shields
  4407 | D:6      | Received a gift from Nemelex Xobeh
  4712 | D:6      | Reached *** piety under Nemelex Xobeh
  5471 | D:7      | Reached skill level 5 in Fighting
  5545 | D:7      | Reached skill level 5 in Invocations
  5558 | D:7      | Reached XP level 9. HP: 66/74 MP: 12/12
  5563 | D:7      | Reached skill level 6 in Shields
  5595 | D:7      | Reached skill level 9 in Polearms
  5886 | D:7      | Noticed Harold
  5894 | D:7      | Received a gift from Nemelex Xobeh
  5895 | D:7      | Killed Harold
  5895 | D:7      | Reached skill level 7 in Shields
  5898 | D:7      | Reached skill level 6 in Fighting
  5946 | D:7      | Found Zomaucs's Jewellery Shoppe.
  5986 | D:7      | Reached skill level 6 in Invocations
  6053 | D:7      | Found Ciestyam's Mayhem Merchandise.
  6055 | D:7      | Got a polished whip
  7067 | D:8      | Reached skill level 8 in Shields
  7085 | D:8      | Reached XP level 10. HP: 62/84 MP: 14/14
  7658 | D:8      | Received a gift from Nemelex Xobeh
  7795 | D:5      | Bought a runed hat for 161 gold pieces
  7885 | D:8      | Reached **** piety under Nemelex Xobeh
  7949 | D:8      | Found a burning altar of Makhleb.
  8052 | D:8      | Found a sacrificial altar of Ru.
  8052 | D:8      | Found a radiant altar of Vehumet.
  8053 | D:8      | Found a stormy altar of Qazlal.
  8164 | D:9      | Reached skill level 7 in Fighting
  8199 | D:9      | Identified the +2 whip "Cippud" {vorpal, rPois rF+ Str-4
                  | Stlth+} (You found it on level 7 of the Dungeon)
  8275 | D:9      | Noticed a moth of wrath
  8278 | D:9      | Found a bloodstained altar of Trog.
  8394 | D:9      | Received a gift from Nemelex Xobeh
  8441 | D:9      | Reached skill level 7 in Invocations
  8442 | D:9      | Noticed an orb spider
  8442 | D:9      | a yak changed into an orb spider
  8442 | D:9      | Noticed an unseen horror
  8442 | D:9      | a yak changed into an unseen horror
  8444 | D:9      | an unseen horror changed into a steam dragon
  8444 | D:9      | an orb spider changed into a wolf
  8445 | D:9      | Reached skill level 10 in Polearms
  8783 | D:9      | Reached skill level 8 in Fighting
  9108 | D:9      | Found a staircase to the Orcish Mines.
  9266 | D:10     | Entered Level 10 of the Dungeon
  9316 | D:10     | Reached skill level 9 in Shields
  9349 | D:10     | Noticed Fannar
  9383 | D:10     | Killed Fannar
  9461 | D:10     | Reached skill level 9 in Fighting
  9471 | D:10     | Reached XP level 11. HP: 68/97 MP: 16/16
  9674 | D:10     | Reached skill level 8 in Invocations
  9761 | D:10     | Found a staircase to the Lair.
  9761 | D:10     | Noticed a death yak
  9998 | D:10     | HP: 30/145 [death yak (9)]
 10007 | D:10     | HP: 24/145 [death yak (3)]
 10012 | D:10     | HP: 24/145 [death yak (2)]
 10024 | D:10     | Killed a death yak
 10174 | D:10     | Noticed Nergalle
 10508 | Lair:1   | Entered Level 1 of the Lair of Beasts
 10570 | Orc:1    | Entered Level 1 of the Orcish Mines
 10570 | Orc:1    | Noticed an orc sorcerer
 10571 | Orc:1    | Noticed an orc sorcerer
 10579 | D:9      | Killed an orc sorcerer
 10774 | Orc:1    | Killed an orc sorcerer
 10774 | Orc:1    | Reached skill level 10 in Fighting
 10809 | Orc:1    | HP: 22/99 [orc priest/divine providence (14)]
 10816 | Orc:1    | HP: 22/99 [poisoned by an orc wizard]
 10824 | Orc:1    | HP: 22/99 [poisoned by an orc wizard]
 11121 | Orc:1    | Noticed an orc knight
 11144 | Orc:1    | Noticed an unseen horror
 11144 | Orc:1    | an orc knight changed into an unseen horror
 11155 | Orc:1    | Killed an unseen horror
 11345 | Orc:1    | Noticed an orc knight
 11371 | Orc:1    | Killed an orc knight
 11371 | Orc:1    | Reached skill level 3 in Dodging
 11638 | Orc:1    | Found a runed translucent gate.
 11638 | Orc:1    | Found a runed translucent gate.
 11638 | Orc:1    | Found a runed translucent gate.
 11647 | Orc:1    | Noticed Clumpoid's ghost (journeyman GnWr)
 11676 | Orc:1    | Noticed an orc sorcerer
 11689 | Orc:1    | Killed an orc sorcerer
 12007 | Orc:1    | Killed Clumpoid's ghost
 12007 | Orc:1    | Reached skill level 11 in Polearms
 12216 | Orc:2    | Entered Level 2 of the Orcish Mines
 12234 | Orc:2    | Reached skill level 9 in Invocations
 12343 | D:7      | Bought an uncursed amulet of faith for 480 gold pieces
 12522 | Orc:2    | Noticed Jorgrun
 12764 | D:7      | Bought the ring "Eban Gubbo" {Int+7 SInv} for 440 gold
                  | pieces
 12888 | Orc:2    | HP: 18/100 [Jorgrun/blast of rock fragments (11)]
 12892 | Orc:2    | HP: 4/100 [Jorgrun/uncursed staff of earth (6)]
 12893 | Orc:2    | Killed from afar by Jorgrun

Levels and vault maps discovered:
D:1:      giann_forest_graveyard, layout_basic, chequers_serial_rivers_small_3
D:2:      layout_rooms, nemelex_diamond_rough_becter
D:3:      layout_basic, minmay_misc_feat_ornament, minmay_diced_spiral
D:4:      layout_gridville, lemuel_crystal_altar,
          minmay_temple_entry_butterflies, serial_shops, shop,
          minmay_misc_feat_more_columns, grunt_gozag_breadcrumbs
D:5:      layout_loops_corners, gammafunk_temple_overflow_wave, serial_shops,
          shop, first_ration, xom_teletrap_fun, uniq_blork_the_orc
D:6:      layout_layer_cave, minmay_fire_ice_demons, uniq_crazy_yiuf_cottage,
          uniq_maggie
D:7:      layout_basic, serial_bayou, serial_bayou_pond_a,
          serial_bayou_lagoon_b, serial_bayou_shore_b, serial_bayou_shore_a,
          serial_bayou_shore_b, serial_shops, shop, grunt_ogre_cave,
          minmay_shop_mayhem, corexii_checkpoint_b, minmay_hedge_maze,
          uniq_harold
D:8:      layout_basic, gammafunk_temple_overflow_forgotten,
          makhleb_blood_cavern_becter
D:9:      layout_long_grid, orc_0_dummy, tgw_trog
D:10:     layout_small_grid, david_lair_generic, hangedman_weighted_door,
          uniq_nergalle, uniq_fannar
D:11:     layout_roguey, chequers_guarded_unrand_ignorance
Lair:1:   layout_loops_ring, grunt_megastairs_4
Orc:1:    layout_caves, ebering_ghost_rock_garden
Orc:2:    grunt_orc_community_town_hall, layout_diamond_mine,
          grunt_orc_community_big_house_1, grunt_orc_community_big_house_1,
          grunt_orc_community_house_2, grunt_orc_community_house_2,
          grunt_orc_community_house_2, grunt_orc_community_house_3,
          special_room, uniq_jorgrun

Skill      XL: |  1  2  3  4  5  6  7  8  9 10 11 |
---------------+----------------------------------+-----
Polearms       | 3 4 5 7 8 9 10 11 | 11.0
Invocations    | 1 2 3 5 6 7 9 |  9.0
Shields        | 5 8 9 |  9.9
Fighting       | 5 6 9 10 | 10.2
Dodging        | 3 |  3.8

Action                   |  1- 3 |  4- 6 |  7- 9 | 10-12 || total
-------------------------+-------+-------+-------+-------++-------
Melee: Trident           |   108 |   212 |   264 |   500 ||  1084
       Tailslap          |     7 |    21 |    32 |    57 ||   117
Throw: Javelin           |       |       |     5 |     5 ||    10
Invok: Triple Draw       |       |       |       |     2 ||     2
       Deal Four         |       |       |       |     1 ||     1
 Abil: Draw Destruction  |       |     3 |     4 |    17 ||    24
       Breathe Steam     |       |       |    23 |    17 ||    40
       Draw Escape       |       |       |     2 |     3 ||     5
       Draw Summoning    |       |       |       |     7 ||     7
Evoke: Wand              |       |     1 |    10 |     5 ||    16
       Lamp of fire      |       |       |       |     1 ||     1
  Use: Scroll            |       |     3 |     8 |     8 ||    19
       Potion            |       |     1 |       |     7 ||     8
 Stab: Sleeping          |     2 |     2 |     2 |       ||     6
       Paralysed         |       |     5 |       |     4 ||     9
       Petrified         |       |       |       |    11 ||    11
       Petrifying        |       |       |       |     2 ||     2
       Confused          |       |       |       |     1 ||     1
  Eat: Chunk             |     1 |     6 |    11 |    16 ||    34
       Ration            |       |       |     2 |     1 ||     3
Armor: Skin              |    17 |    33 |    81 |    89 ||   220
Dodge: Dodged            |    47 |    87 |    98 |    98 ||   330
Block: Shield            |    39 |    82 |   123 |   186 ||   430

Table legend:
 A = Non-vault XP
 B = Vault XP
 C = Vault XP percentage of total XP
 D = Non-vault monster count
 E = Vault monster count
 F = Vault count percentage of total count
                 A         B        C        D         E       F
            +---------+---------+-------+---------+---------+-------
      Total |   12970 |    5626 |  30.3 |     244 |      29 |  10.6
            +---------+---------+-------+---------+---------+-------
        D:1 |      43 |       0 |   0.0 |      23 |       0 |   0.0
        D:2 |      53 |       0 |   0.0 |       9 |       0 |   0.0
        D:3 |     191 |       3 |   1.5 |      19 |       2 |   9.5
        D:4 |     281 |       0 |   0.0 |      16 |       0 |   0.0
        D:5 |     749 |      96 |  11.4 |      18 |       1 |   5.3
        D:6 |     613 |     489 |  44.4 |      18 |       4 |  18.2
        D:7 |    1469 |    1165 |  44.2 |      26 |       4 |  13.3
        D:8 |    1162 |     143 |  11.0 |      20 |       2 |   9.1
        D:9 |    2982 |       9 |   0.3 |      39 |       5 |  11.4
       D:10 |    1698 |    3160 |  65.0 |      23 |      10 |  30.3
      Orc:1 |    3447 |     561 |  14.0 |      28 |       1 |   3.4
      Orc:2 |     282 |       0 |   0.0 |       5 |       0 |   0.0
            +---------+---------+-------+---------+---------+-------

Levels and vault maps discovered:
D:1:      giann_forest_graveyard, layout_basic, chequers_serial_rivers_small_3
D:2:      layout_rooms, nemelex_diamond_rough_becter
D:3:      layout_basic, minmay_misc_feat_ornament, minmay_diced_spiral
D:4:      layout_gridville, lemuel_crystal_altar,
          minmay_temple_entry_butterflies, serial_shops, shop,
          minmay_misc_feat_more_columns, grunt_gozag_breadcrumbs
D:5:      layout_loops_corners, gammafunk_temple_overflow_wave, serial_shops,
          shop, first_ration, xom_teletrap_fun, uniq_blork_the_orc
D:6:      layout_layer_cave, minmay_fire_ice_demons, uniq_crazy_yiuf_cottage,
          uniq_maggie
D:7:      layout_basic, serial_bayou, serial_bayou_pond_a,
          serial_bayou_lagoon_b, serial_bayou_shore_b, serial_bayou_shore_a,
          serial_bayou_shore_b, serial_shops, shop, grunt_ogre_cave,
          minmay_shop_mayhem, corexii_checkpoint_b, minmay_hedge_maze,
          uniq_harold
D:8:      layout_basic, gammafunk_temple_overflow_forgotten,
          makhleb_blood_cavern_becter
D:9:      layout_long_grid, orc_0_dummy, tgw_trog
D:10:     layout_small_grid, david_lair_generic, hangedman_weighted_door,
          uniq_nergalle, uniq_fannar
D:11:     layout_roguey, chequers_guarded_unrand_ignorance
Lair:1:   layout_loops_ring, grunt_megastairs_4
Orc:1:    layout_caves, ebering_ghost_rock_garden
Orc:2:    grunt_orc_community_town_hall, layout_diamond_mine,
          grunt_orc_community_big_house_1, grunt_orc_community_big_house_1,
          grunt_orc_community_house_2, grunt_orc_community_house_2,
          grunt_orc_community_house_2, grunt_orc_community_house_3,
          special_room, uniq_jorgrun

Table legend:
 A = Turns spent in this place as a percentage of turns spent in the entire game.
 B = Non-inter-level travel turns spent in this place as a percentage of non-inter-level travel turns spent in the entire game.
 C = Inter-level travel turns spent in this place as a percentage of turns spent in this place.
 D = Turns resting spent in this place as a percentage of non-inter-level travel turns spent in this place.
 E = Turns spent auto-exploring this place as a percentage of non-inter-level travel turns spent in this place.
 F = Non-inter-level travel turns spent in this place divided by the number of levels of this place that you've seen.
                   A       B       C       D       E      F
               +-------+-------+-------+-------+-------+----------------------
         Total | 100.0 | 100.0 |   8.4 |  27.8 |  48.5 | 843.9
       Dungeon |  86.3 |  86.6 |   8.0 |  24.0 |  52.3 | 930.5
          Lair |   0.0 |   0.0 | 100.0 |   N/A |   N/A |   0.0
  Orcish Mines |  13.7 |  13.4 |  10.7 |  52.3 |  23.5 | 790.0
               +-------+-------+-------+-------+-------+----------------------

Table legend:
 A = Kills in this place as a percentage of kills in entire the game.
 B = Kills by you in this place as a percentage of kills by you in the entire game.
 C = Kills by friends in this place as a percentage of kills by friends in the entire game.
 D = Other kills in this place as a percentage of other kills in the entire game.
 E = Experience gained in this place as a percentage of experience gained in the entire game.
 F = Experience gained in this place divided by the number of levels of this place that you have seen.
                   A       B       C       D       E      F
               +-------+-------+-------+-------+-------+----------------------
         Total | 100.0 | 100.0 | 100.0 | 100.0 | 100.0 | 1328.3
       Dungeon |  87.5 |  87.2 | 100.0 | 100.0 |  76.9 | 1300.5
  Orcish Mines |  12.5 |  12.8 |   0.0 |   0.0 |  23.1 | 2145.0
               +-------+-------+-------+-------+-------+----------------------
